 Dungeon Crawl Stone Soup version 0.31.0-9-g3a7656b989 (webtiles) character file.

Game seed: 8334217948921036573

121 qw the Shooter (level 4, 0/23 HPs)
             Began as a Spriggan Hunter on Feb 2, 2024.
             Succumbed to an adder's poison
             ... on level 3 of the Dungeon.
             The game lasted 00:00:08 (1685 turns).

qw the Shooter (Spriggan Hunter)                    Turns: 1685, Time: 00:00:09

Health: 0/23       AC:  3    Str:  7    XL:     4   Next: 77%
Magic:  5/5        EV: 20    Int: 10    God:
Gold:   62         SH:  0    Dex: 20    Spells: 3/3 levels left

rFire   . . .        a - +0 shortbow
rCold   . . .        (shield currently unavailable)
rNeg    . . .        c - +0 robe
rPois   .            (helmet restricted)
rElec   .            f - +0 cloak
rCorr   .            (gloves unavailable)
SInv    +            (boots unavailable)
Will    .....        (no amulet)
Stlth   ++           (no ring)
HPRegen 0.23/turn    (no ring)
MPRegen 0.09/turn

%: no passive effects
@: lethally poisoned (0 -> -1), very quick
A: very small, no large weapons, unfitting armour, see invisible, speed 3
a: no special abilities


You were on level 3 of the Dungeon.
You visited 1 branch of the dungeon, and saw 3 of its levels.

You collected 124 gold pieces.
You spent 62 gold pieces at shops.


Innate Abilities, Weirdness & Mutations

You are very small and have problems with some larger weapons.
You are too small for most types of armour.
You have supernaturally acute eyesight. (SInv)
You cover ground extremely quickly. (Speed+++)


   Skills:
 - Level 2.0 Fighting
 + Level 5.0 Ranged Weapons
 - Level 5.0 Dodging
 - Level 1.5 Stealth


You had 3 spell levels left.
You didn't know any spells.
Your spell library was empty.

Inventory:

Hand Weapons
 a - a +0 shortbow (weapon)
Armour
 c - a +0 robe (worn)
 f - a +0 cloak (worn)
Potions
 e - 2 potions of cancellation
 h - a potion of haste {unknown}
 i - a potion of heal wounds {unknown}
 j - a potion of degeneration {unknown}
 k - a potion of lignification {unknown}
 l - a potion of ambrosia {unknown}

Dungeon Overview and Level Annotations

Branches:
Dungeon (3/15)

Altars:
Cheibriados
Dithmenos
Sif Muna
Uskayaw

Shops:
D:1 [***

Portals:
Sewer: D:3

Annotations:
D:2 1 runed translucent door, Crazy Yiuf


Message History

You are poisoned.
The adder poisons you! The adder closely misses you. x2
You shoot an arrow. The arrow misses the adder.
You feel sick. The adder closely misses you. The adder completely misses you.
The adder misses you.
You shoot an arrow. The arrow hits the adder.
The adder is severely wounded.
You feel sick. The adder bites you but does no damage.
The adder completely misses you. The adder misses you.
You shoot an arrow. The arrow closely misses the adder.
You feel sick. The adder bites you.
You are more poisoned.
The adder poisons you! The adder closely misses you.
The adder completely misses you.
You shoot an arrow. The arrow hits the adder.
You kill the adder!
You feel very sick. The adder completely misses you. The adder bites you.
You shoot an arrow. The arrow hits the adder.
The adder is heavily wounded.
You feel sick. The adder closely misses you.
You shoot an arrow. The arrow hits the adder!
You kill the adder!
You feel sick.
Your Fighting skill increases to level 2!
You shoot an arrow.
The arrow barely misses the giant cockroach.
You feel sick. The giant cockroach misses you.
You shoot an arrow. The arrow hits the giant cockroach.
The giant cockroach is moderately wounded.
You feel sick. The giant cockroach barely misses you.
The giant cockroach closely misses you.
You shoot an arrow.
The arrow closely misses the giant cockroach.
You feel sick.
The giant cockroach waves its antennae.
The giant cockroach bites you but does no damage.
You shoot an arrow.
The arrow barely misses the giant cockroach.
You die...

*,**,,,,<................#......
*,**,,,,........................
*,**,,,,.......##...........##..
*,**,,,,........#...........##..
*,**,*,*........###.###.........
*,**,*,*.......!###..##.........
*,,,,*,*........................
******,*........#######....)####
*,*.!.....@#~~~~~#.......##
*,*........B~~\~~#.........
*,*........#~~~~~#.........
*,*........#######.........
**+*........................
*,,,.########.........#.....
*,,,,,,,,,,,*.........#.....
*,,,,,,,,,,,*###...,,,*,,,..
*,,,,,,,,,,,,,,,,,,,,,*,,,,.


You could see a giant cockroach.

Vanquished Creatures
  An orc wizard (D:3)
  4 adders
  A ribbon worm (D:2)
  4 orcs (D:3)
  4 ball pythons (D:1)
  8 bats
  An endoplasm (D:2)
  A giant cockroach (D:1)
  9 goblins
  6 hobgoblins
  4 jackals
  2 quokkas
  A frilled lizard (D:1)
  3 rats
49 creatures vanquished.

Notes
Turn   | Place    | Note
-------+----------+-------------------------------------------
     0 | D:1      | qw the Spriggan Hunter began the quest for the Orb.
     0 | D:1      | Reached XP level 1. HP: 10/10 MP: 2/2
     0 | D:1      | 0 ||| qw: Version: 0.3-a-155-g5e7d8dd
     0 | D:1      | 0 ||| qw: Game counter: 1308
     0 | D:1      | 0 ||| qw: Melee chars always use a shield: true
     0 | D:1      | 0 ||| qw: God list: Okawaru
     0 | D:1      | 0 ||| qw: Allow faded altars: false
     0 | D:1      | 0 ||| qw: Do Orc after clearing Dungeon:15 true
     0 | D:1      | 0 ||| qw: Do second Lair branch before Depths: true
     0 | D:1      | 0 ||| qw: Lair rune preference: random
     0 | D:1      | 0 ||| qw: Goals: Normal
     0 | D:1      | 0 ||| PLANNING D:1-11
    42 | D:1      | Found Maimott's Assorted Antiques.
    50 | D:1      | 50 ||| SHOPLISTING bone ring (110 gold, have 19).
    50 | D:1      | 50 ||| BUYING bubbling red potion (19 gold).
    50 | D:1      | Bought a bubbling red potion for 19 gold pieces
    50 | D:1      | 50 ||| SHOPLISTING scroll labelled DON OZASYESYRGH (22
                  | gold, have 0).
    50 | D:1      | 50 ||| SHOPLISTING scroll labelled ESYGEAH MU MIW (22 gold,
                  | have 0).
    50 | D:1      | 50 ||| SHOPLISTING silvery potion (19 gold, have 0).
    50 | D:1      | 50 ||| SHOPLISTING white potion (19 gold, have 0).
   139 | D:1      | Reached skill level 3 in Dodging
   254 | D:1      | Reached XP level 2. HP: 14/14 MP: 3/3
   296 | D:1      | Found Maklale's Assorted Antiques.
   304 | D:1      | 304 ||| BUYING blue potion (23 gold).
   304 | D:1      | Bought a blue potion for 23 gold pieces
   304 | D:1      | 304 ||| SHOPLISTING bubbling red potion (23 gold, have 6).
   304 | D:1      | 304 ||| SHOPLISTING scroll labelled MUNAQOUGYI (26 gold,
                  | have 6).
   304 | D:1      | 304 ||| SHOPLISTING scroll labelled NEGANW KEMU (26 gold,
                  | have 6).
   304 | D:1      | 304 ||| SHOPLISTING scroll labelled POCHOM XOISK (26 gold,
                  | have 6).
   304 | D:1      | 304 ||| SHOPLISTING sedimented brown potion (23 gold, have
                  | 6).
   422 | D:1      | Found Qozxeusk's Antique Armour Emporium.
   452 | D:1      | Found Pyxuan's Assorted Antiques.
   459 | D:1      | 459 ||| BUYING glowing dark potion (20 gold).
   459 | D:1      | Bought a glowing dark potion for 20 gold pieces
   459 | D:1      | 459 ||| SHOPLISTING ruby potion (20 gold, have 12).
   459 | D:1      | 459 ||| SHOPLISTING scroll labelled MISCHA VOCLE (23 gold,
                  | have 12).
   639 | D:1      | 639 ||| UPGRADING to +0 cloak.
   644 | D:1      | 644 ||| DRINKING 2 bubbling red potions.
   645 | D:1      | 645 ||| DRINKING 3 brown potions.
   646 | D:1      | 646 ||| DROPPING scroll of butterflies.
   673 | D:2      | Found a shimmering blue altar of Sif Muna.
   736 | D:2      | Reached XP level 3. HP: 18/18 MP: 4/4
  1091 | D:2      | Found a runed translucent door.
  1092 | D:2      | Noticed Crazy Yiuf
  1217 | D:2      | 1217 ||| READING scroll labelled PAOWKA AGHO.
  1218 | D:2      | 1218 ||| READING scroll labelled POCHOM XOISK.
  1220 | D:2      | 1220 ||| Stepping ~*~*~tactically~*~*~ (cloud).
  1221 | D:2      | 1221 ||| DRINKING potion of curing.
  1221 | D:2      | 1221 ||| (to cure poison)
  1223 | D:2      | 1223 ||| Stepping ~*~*~tactically~*~*~ (cloud).
  1227 | D:2      | HP: 4/18 [poisoned by you (poison gas)]
  1443 | D:3      | 1443 ||| PLANNING SEWER
  1465 | D:3      | Reached XP level 4. HP: 22/22 MP: 5/5
  1593 | D:3      | Found a snail-covered altar of Cheibriados.
  1606 | D:3      | Found a hide-covered altar of Uskayaw.
  1606 | D:3      | Found a shadowy altar of Dithmenos.
  1647 | D:3      | Found a glowing drain.
  1661 | D:3      | 1661 ||| READING scroll labelled DOIFANK XEOPP.
  1662 | D:3      | 1662 ||| READING scroll labelled CUYPEA UHEXTI.
  1662 | D:3      | 1662 ||| IDENTIFYING metallic sapphire potion
  1663 | D:3      | 1663 ||| DROPPING potion of magic.
  1680 | D:3      | HP: 5/23 [poisoned by an adder]
  1682 | D:3      | HP: 2/23 [poisoned by an adder]
  1685 | D:3      | Succumbed to an adder's poison

Levels and vault maps discovered:
D:1:      dpeg_arrival_arbitrary_c, layout_loops_cross, serial_shops, shop,
          shop, shop, shop, hex_large
D:2:      layout_rooms, basic_altar, minmay_pentomino_pile,
          uniq_crazy_yiuf_cottage
D:3:      layout_basic, gammafunk_temple_overflow_forgotten,
          gup_sewer_entry_glass, uniq_grinder, uniq_ijyb

Skill      XL: |  1  2  3  4 |
---------------+-------------+-----
Dodging        | 3 4 5 |  5.0
Ranged Weapons | 5 |  5.0
Fighting       | 2 |  2.0
Stealth        | |  1.5

Action                     |  1- 3 |  4- 6 || total
---------------------------+-------+-------++-------
   Fire: Shortbow          |   117 |    40 ||   157
    Use: Potion            |     3 |       ||     3
         Scroll            |     2 |     2 ||     4
 Armour: Robe              |    15 |    18 ||    33
  Dodge: Dodged            |    42 |    54 ||    96

Table legend:
 A = Non-vault XP
 B = Vault XP
 C = Vault XP percentage of total XP
 D = Non-vault monster count
 E = Vault monster count
 F = Vault count percentage of total count
                 A         B        C        D         E       F
            +---------+---------+-------+---------+---------+-------
      Total |     139 |      35 |  20.1 |      42 |       7 |  14.3
            +---------+---------+-------+---------+---------+-------
        D:1 |      29 |       0 |   0.0 |      16 |       0 |   0.0
        D:2 |      49 |       8 |  14.0 |      13 |       5 |  27.8
        D:3 |      61 |      27 |  30.7 |      13 |       2 |  13.3
            +---------+---------+-------+---------+---------+-------
